 Dungeon Crawl Stone Soup version 0.28.0-43-g3370ac3207 (webtiles) character file.

Game seed: 853434515571993100

499 nickcage the Slasher (level 7, -1/52 HPs)
             Began as a Formicid Abyssal Knight on Mar 24, 2022.
             Was a Believer of Lugonu.
             Slain by a black bear (3 damage)
             ... on level 3 of the Dungeon.
             The game lasted 00:06:17 (3484 turns).

nickcage the Slasher (Formicid Abyssal Knight)      Turns: 3484, Time: 00:06:19

Health: -1/52      AC:  4    Str: 19    XL:     7   Next: 39%
Magic:  8/8        EV: 11    Int: 10    God:    Lugonu [**....]
Gold:   94         SH:  0    Dex: 11    Spells: 6/6 levels left

rFire   . . .      SeeInvis +   a - +1 falchion
rCold   . . .      Faith    .   (no shield)
rNeg    . . .      Spirit   .   b - +0 leather armour
rPois   +          Reflect  .   (helmet unavailable)
rElec   .          Harm     .   (no cloak)
rCorr   .          Rampage  .   h - +0 pair of gloves
Will    .....                   (no boots)
Stlth   +.........              (no amulet)
HPRegen 0.17/turn               e - ring of poison resistance
MPRegen 0.11/turn               (no ring)

@: no status effects
A: permanent stasis, dig shafts and tunnels, antennae 3, four strong arms
a: Dig, Shaft Self, Renounce Religion, Depart the Abyss, Bend Space


You were on level 3 of the Dungeon.
You worshipped Lugonu.
Lugonu was pleased with you.
You visited 1 branch of the dungeon, and saw 3 of its levels.
You visited the Abyss 1 time.

You collected 94 gold pieces.

Inventory:

Hand Weapons
 a - a +1 falchion (weapon)
Missiles
 s - 3 boomerangs (quivered)
Armour
 b - a +0 leather armour (worn)
 h - a +0 pair of gloves (worn)
Jewellery
 e - a ring of poison resistance (left hand)
Wands
 o - a wand of flame (26)
Scrolls
 c - 2 scrolls of holy word {unknown}
 f - a scroll of amnesia {unknown}
 i - a scroll of brand weapon {unknown}
 k - a scroll of identify {unknown}
 p - a scroll of fog {unknown}
Potions
 d - a potion of berserk rage {unknown}
 j - a potion of brilliance {unknown}
 l - a potion of lignification {unknown}
 m - a potion of might {unknown}
 n - a potion of flight {unknown}
 q - 2 potions of curing {unknown}
 r - a potion of attraction {unknown}


   Skills:
 - Level 3.2 Fighting
 + Level 7.5 Long Blades
 + Level 0.2 Throwing
 - Level 2.1 Armour
 - Level 0.8 Dodging
 - Level 2.1 Invocations


You had 6 spell levels left.
You didn't know any spells.
Your spell library was empty.

Dungeon Overview and Level Annotations

Branches:
Dungeon (3/15)

Altars:


Innate Abilities, Weirdness & Mutations

You cannot be hasted, slowed, berserked, paralysed or teleported.
You can dig through walls and to a lower floor.
You have a pair of large antennae on your head. (SInv)
Your four strong arms can wield two-handed weapons with a shield.


Message History

The black bear is moderately wounded.
The black bear barely misses you. The black bear claws you. x2
You hit the black bear.
The black bear is moderately wounded.
The black bear bites you. The black bear misses you.
The black bear claws you but does no damage.
You hit the black bear.
The black bear is heavily wounded.
The black bear bites you.
The black bear claws you but does no damage.
The black bear closely misses you.
You slash the black bear!
The black bear is severely wounded.
The black bear goes berserk!
You closely miss the black bear.
The black bear is severely wounded.
The black bear bites you! The black bear claws you.
The black bear claws you but does no damage.
You hit the black bear.
The black bear is almost dead.
The black bear barely misses you. The black bear claws you.
* * * LOW HITPOINT WARNING * * *
The black bear claws you but does no damage.
The black bear closely misses you. The black bear claws you.
* * * LOW HITPOINT WARNING * * *
The black bear barely misses you.
You hit the black bear.
The black bear is almost dead.
The black bear bites you.
* * * LOW HITPOINT WARNING * * *
The black bear claws you but does no damage.
The black bear claws you.
* * * LOW HITPOINT WARNING * * *
You hit the black bear.
The black bear is almost dead.
The black bear bites you.
* * * LOW HITPOINT WARNING * * *
The black bear claws you but does no damage.
The black bear claws you.
You die...

#.# #.# #+## #.# #...#
#.#### #..... #.##.##
#......
.######.#...####.......
..............@hK...... ...
####.#...####....... ..#
#...#.## #......{ #.#
###...### #..... #.#
#.......# #...# #.##
#.......# #+## #..#
#.......#########.######..##
###...###..(...##..........#
##...###.####.##)######...#


You could see a black bear (berserk) and a kobold.

Vanquished Creatures
  Grinder (D:3)
  Sigmund (D:3)
  A black bear (D:3)
  A gnoll (D:1)
  A worm (D:2)
  A dart slug (D:1)
  An orc (D:3)
  3 endoplasms (D:2)
  4 giant cockroaches
  3 goblins
  4 hobgoblins
  6 jackals (D:2)
  5 kobolds
  2 quokkas (D:2)
  4 bats
  5 frilled lizards
  6 rats
49 creatures vanquished.

Notes
Turn   | Place    | Note
-------+----------+-------------------------------------------
     0 | Abyss:1  | nickcage the Formicid Abyssal Knight began the quest for
                  | the Orb.
     0 | Abyss:1  | Reached XP level 1. HP: 18/18 MP: 2/2
     0 | D:1      | Escaped the Abyss
   181 | D:1      | Reached * piety under Lugonu
   182 | D:1      | Reached XP level 2. HP: 17/24 MP: 3/3
   290 | D:1      | Reached skill level 3 in Long Blades
   575 | D:1      | Reached XP level 3. HP: 26/29 MP: 4/4
  1594 | D:2      | Reached skill level 4 in Long Blades
  1594 | D:2      | Reached XP level 4. HP: 30/35 MP: 5/5
  1595 | D:2      | Reached ** piety under Lugonu
  2121 | D:3      | Noticed Sigmund
  2132 | D:3      | HP: 1/35 [Sigmund/puff of flame (5)]
  2135 | D:3      | Killed Sigmund
  2136 | D:3      | Reached skill level 5 in Long Blades
  2136 | D:3      | Reached XP level 5. HP: 1/41 MP: 6/6
  2136 | D:3      | Reached XP level 6. HP: 1/47 MP: 7/7
  2137 | D:3      | HP: 1/47 [fell downstairs (1)]
  2485 | D:3      | Found a faded altar of an unknown god.
  2524 | D:3      | Reached skill level 6 in Long Blades
  2545 | D:3      | Noticed Grinder
  2556 | D:3      | Killed Grinder
  2557 | D:3      | Reached skill level 7 in Long Blades
  2557 | D:3      | Reached XP level 7. HP: 23/52 MP: 8/8
  3484 | D:3      | HP: 2/52 [black bear (2)]
  3484 | D:3      | Slain by a black bear

Illustrated notes

Levels and vault maps discovered:
D:1:      minmay_arrival_open_corners, layout_basic
D:2:      layout_loops_ring, kennysheep_another_room
D:3:      layout_loops_corners, zin_treasury, hellmonk_ecumenical_altar_zigzags,
          uniq_crazy_yiuf_cottage, uniq_sigmund, uniq_grinder

Skill      XL: |  1  2  3  4  5  6 |
---------------+-------------------+-----
Long Blades    | 3 4 5 7 |  7.5
Fighting       | |  3.2
Throwing       | |  0.2
Armour         | |  2.1
Dodging        | |  0.8
Invocations    | |  2.1

Action                   |  1- 3 |  4- 6 |  7- 9 || total
-------------------------+-------+-------+-------++-------
Melee: Falchion          |   113 |    50 |    46 ||   209
       Punch             |     1 |     2 |     1 ||     4
Throw: Boomerang         |       |       |     5 ||     5
Invok: Depart the Abyss  |     1 |       |       ||     1
Armor: Leather armour    |    37 |     9 |    32 ||    78
Dodge: Dodged            |    96 |    19 |    58 ||   173
